 Dungeon Crawl Stone Soup version 0.28.0-45-g0d030f2227 (webtiles) character file.

Game seed: 7998580799796752549

313 pkoi the Insei (level 5, -2/41 HPs)
             Began as a Demigod Gladiator on Apr 19, 2022.
             Killed by divine providence
             ... invoked by an orc priest
              (14 damage)
             ... on level 4 of the Dungeon.
             The game lasted 00:02:39 (3818 turns).

pkoi the Insei (Demigod Gladiator)                  Turns: 3818, Time: 00:02:39

Health: -2/41      AC:  9    Str: 21    XL:     5   Next: 98%
Magic:  7/7        EV:  8    Int: 14    God:
Gold:   103        SH:  0    Dex: 15    Spells: 4/4 levels left

rFire   . . .      SeeInvis +   f - +2 dagger (flame)
rCold   . . .      Faith    .   (no shield)
rNeg    . . .      Spirit   .   o - +0 chain mail
rPois   .          Reflect  .   b - +0 helmet
rElec   .          Harm     .   (no cloak)
rCorr   .          Rampage  .   (no gloves)
Will    .....                   (no boots)
Stlth   ..........              (no amulet)
HPRegen 0.13/turn               l - ring of see invisible
MPRegen 0.10/turn               m - +6 ring of strength

@: no status effects
A: high MP 1, forlorn, divine attributes
a: no special abilities


You were on level 4 of the Dungeon.
You visited 1 branch of the dungeon, and saw 4 of its levels.

You collected 103 gold pieces.

Inventory:

Hand Weapons
 f - a +2 dagger of flaming (weapon)
Missiles
 c - 3 throwing nets (quivered)
 j - 5 poisoned darts
Armour
 a - a +0 leather armour
 b - a +0 helmet (worn)
 o - a +0 chain mail (worn)
Jewellery
 l - a ring of see invisible (left hand)
 m - a +6 ring of strength (right hand)
Scrolls
 h - a scroll of teleportation
Potions
 d - a potion of might {unknown}
 e - a potion of resistance {unknown}
 g - a potion of heal wounds {unknown}
 i - 2 potions of ambrosia {unknown}
 k - a potion of invisibility {unknown}
 p - a potion of cancellation


   Skills:
 + Level 2.2 Fighting
 - Level 1.7 Throwing
 + Level 1.0 Armour
 + Level 3.0 Dodging
 * Level 5.9 Unarmed Combat


You had 4 spell levels left.
You didn't know any spells.
Your spell library was empty.

Dungeon Overview and Level Annotations

Branches:
Dungeon (4/15)
 Temple: D:4-7

Shops:
D:3 :

Annotations:
D:2 Terence


Innate Abilities, Weirdness & Mutations

You have an increased reservoir of magic. (+10% MP)
You shall have no god before yourself.
Your divine heritage dramatically boosts your attributes as you level up.


Message History

The orc priest is heavily wounded.
The orc priest hits you with a +0 dagger.
You hit the orc priest but do no damage.
The orc priest is heavily wounded.
The orc priest hits you but does no damage.
You closely miss the orc priest.
The orc priest is heavily wounded.
The orc priest hits you but does no damage.
You barely miss the orc priest.
The orc priest is heavily wounded.
The orc priest hits you but does no damage.
You barely miss the orc priest.
The orc priest is heavily wounded.
The orc priest calls down the wrath of Beogh upon you.
Beogh smites you!
* * * LOW HITPOINT WARNING * * *
You are too injured to fight recklessly!
You are too injured to fight recklessly!
You hit the orc priest but do no damage.
The orc priest is heavily wounded.
The orc priest barely misses you.
You hit the orc priest but do no damage.
The orc priest is heavily wounded.
The orc priest invokes the aid of Beogh against you.
Pain shoots through your body!
* * * LOW HITPOINT WARNING * * *
You hit the orc priest but do no damage.
The orc priest is heavily wounded.
The orc priest hits you but does no damage.
Unknown command.
You hit the orc priest but do no damage.
The orc priest is heavily wounded.
The orc priest invokes the aid of Beogh against you.
Pain shoots through your body!
* * * LOW HITPOINT WARNING * * *
You hit the orc priest but do no damage.
The orc priest is heavily wounded.
The orc priest calls down the wrath of Beogh upon you.
Beogh smites you!
You die...

# ##.#
#........#
. #.#
###'##...#
. ..#
##.##...#
# .##
#8.8###.#
##.## ###
. ##.## ..
#8.8# #
##.## #@#
#8o8#
##o## #
#o# . .o.
#.# #.#
8.8


You could see an orc priest, 2 orc wizards and an orc.

Vanquished Creatures
  A water moccasin (D:3)
  A necrophage (D:4)
  A centaur skeleton (D:4)
  A hound skeleton (D:4)
  3 adders
  2 dart slugs
  4 orcs
  5 ball pythons
  3 endoplasms
  6 giant cockroaches
  3 goblins
  2 hobgoblins
  8 jackals
  2 kobolds
  3 quokkas
  2 bats
  A frilled lizard (D:1)
  5 rats
53 creatures vanquished.

Vanquished Creatures (others)
  A withered plant (D:2)
1 creature vanquished.

Grand Total: 54 creatures vanquished

Notes
Turn   | Place    | Note
-------+----------+-------------------------------------------
     0 | D:1      | pkoi the Demigod Gladiator began the quest for the Orb.
     0 | D:1      | Reached XP level 1. HP: 17/17 MP: 3/3
    77 | D:1      | Reached skill level 3 in Unarmed Combat
   631 | D:1      | Reached XP level 2. HP: 21/24 MP: 4/4
   792 | D:2      | Noticed Terence
   959 | D:2      | Reached XP level 3. HP: 14/29 MP: 5/5
   965 | D:2      | Reached skill level 4 in Unarmed Combat
   968 | D:2      | HP: 1/29 [frozen (4)]
  2101 | D:3      | Noticed a water moccasin
  2111 | D:3      | Killed a water moccasin
  2112 | D:3      | Reached skill level 5 in Unarmed Combat
  2112 | D:3      | Reached XP level 4. HP: 19/36 MP: 6/6
  2504 | D:3      | Reached XP level 5. HP: 32/41 MP: 7/7
  2911 | D:3      | Found Teozuemn's Book Shop.
  3725 | D:4      | Noticed a necrophage
  3742 | D:4      | Killed a necrophage
  3743 | D:4      | Reached skill level 1 in Armour
  3818 | D:4      | Killed from afar by an orc priest

Illustrated notes

Levels and vault maps discovered:
D:1:      amcnicky_arrival_single_pillar, layout_basic, minmay_pentomino_r4
D:2:      minmay_chambers_of_ones, layout_rooms,
          ebering_ecumenical_altar_petrified, uniq_terence
D:3:      layout_loops_corners, minitemple, overflow_temple_1_default,
          serial_shops, nicolae_lakefront_shop
D:4:      layout_layer_cave, ebering_ghost_disaster_area, dk_noncrumbling_2,
          serial_park_tiny_1, uniq_ijyb

Skill      XL: |  1  2  3  4  5 |
---------------+----------------+-----
Unarmed Combat | 3 5 |  5.9
Fighting       | 2 |  2.2
Armour         | 1 |  1.0
Dodging        | 3 |  3.0
Throwing       | |  1.7

Action                   |  1- 3 |  4- 6 || total
-------------------------+-------+-------++-------
Melee: Dagger            |    86 |    96 ||   182
       Unarmed           |     7 |       ||     7
       Punch             |     1 |     3 ||     4
  Use: Scroll            |     3 |       ||     3
 Stab: Sleeping          |     2 |       ||     2
Armor: Leather armour    |    25 |       ||    25
       Chain mail        |     2 |    74 ||    76
Dodge: Dodged            |    60 |    65 ||   125
